 Dungeon Crawl Stone Soup version 0.29.0-4-gdea44cf6ec (webtiles) character file.

Game seed: 3971439327748366612

229 qw the Chopper (level 6, -3/35 HPs)
             Began as a Tengu Warper on Aug 28, 2022.
             Slain by Blork the orc
             ... wielding a +0 hand axe
              (6 damage)
             ... on level 4 of the Dungeon.
             The game lasted 00:00:18 (4024 turns).

qw the Chopper (Tengu Warper)                       Turns: 4024, Time: 00:00:19

Health: -3/35      AC: 11    Str: 19    XL:     6   Next: 3%
Magic:  10/10      EV:  7    Int: 13    God:
Gold:   240        SH:  0    Dex: 14    Spells: 9/9 levels left

rFire   . . .      SeeInvis .   a - +0 war axe
rCold   . . .      Faith    .   (no shield)
rNeg    . . .      Spirit   .   m - +1 plate armour
rPois   .          Reflect  .   (helmet restricted)
rElec   .          Harm     .   (no cloak)
rCorr   .          Rampage  .   (no gloves)
Will    .....                   (boots unavailable)
Stlth   ..........              (no amulet)
HPRegen 0.11/turn               g - +6 ring of strength
MPRegen 0.12/turn               (no ring)

@: flying quickly and evasively, quick
A: beak, talons 3, nimble flight
a: no special abilities


You were on level 4 of the Dungeon.
You visited 1 branch of the dungeon, and saw 4 of its levels.

You collected 240 gold pieces.


Innate Abilities, Weirdness & Mutations

You have a beak for a mouth.
You have claws for feet.
Your magical nature lets you fly swiftly and evasively.


   Skills:
 - Level 2.0 Fighting
 + Level 6.4 Axes
 - Level 1.0 Throwing
 - Level 2.1 Armour
 - Level 2.1 Dodging
 - Level 2.0 Spellcasting
 - Level 2.4 Translocations


You had 9 spell levels left.
You didn't know any spells.
Your spell library contained the following spells:

 Spells                   Type           Power      Damage    Failure   Level
 Blink                    Tloc           14%        N/A       99%         2
 Gell's Gravitas          Tloc           7%         N/A       100%        3
 Lesser Beckoning         Tloc           7%         N/A       100%        3
 Teleport Other           Tloc           7%         N/A       100%        3
 Manifold Assault         Tloc           7%         N/A       100%        5

Inventory:

Hand Weapons
 a - a +0 war axe (weapon)
 k - a +0 flail
Armour
 m - a +1 plate armour (worn)
Jewellery
 g - a +6 ring of strength (left hand)
Scrolls
 h - a scroll of identify
Potions
 b - a potion of heal wounds {unknown}
 f - a potion of brilliance {unknown}
 i - 4 potions of might

Dungeon Overview and Level Annotations

Branches:
Dungeon (4/15)
 Temple: D:4-7

Altars:
Xom

Annotations:
D:4 Blork the orc


Message History

You closely miss the kobold. The kobold barely misses you.
The giant cockroach barely misses you.
Blork the orc gestures at you while chanting.
The puff of flame hits you! The kobold hits you but does no damage.
You barely miss the kobold.
The kobold is moderately wounded.
You barely miss the giant cockroach. You hit Blork the orc.
The giant cockroach bites you but does no damage.
Blork the orc hits you with a +0 hand axe.
The kobold hits you but does no damage. The giant cockroach barely misses you.
Blork the orc closely misses you.
You slash the kobold!
You kill the kobold!
You hit the giant cockroach. You barely miss Blork the orc.
Blork the orc hits you with a +0 hand axe.
The giant cockroach barely misses you.
You hit the giant cockroach. You claw the giant cockroach.
You peck the giant cockroach, but do no damage.
The giant cockroach is almost dead.
You hit Blork the orc. You barely miss the hobgoblin.
Blork the orc looks braver for a moment.
The giant cockroach closely misses you.
Blork the orc screams, "I'll rip your head off!"
Blork the orc casts a spell at you. The puff of frost hits you!
The hobgoblin hits you.
The giant cockroach bites you but does no damage.
You slash the giant cockroach!
You kill the giant cockroach!
You slash Blork the orc! You barely miss the hobgoblin.
Blork the orc hits you but does no damage.
The hobgoblin hits you but does no damage.
Blork the orc closely misses you.
You hit Blork the orc. You claw Blork the orc! You peck Blork the orc.
You punch Blork the orc, but do no damage.
Blork the orc is almost dead.
You barely miss the hobgoblin.
Blork the orc hits you with a +0 hand axe.
The hobgoblin hits you but does no damage.
Blork the orc hits you with a +0 hand axe.
You die...

########## #...
.........# #..#
.........# #..#
.........# #..#
..#...o@.# #####..#
##.##.g%%########......#
#...#....#.............#
.:#).#...'.............#
#...#....#...........#.>
##.##....##########)###.
..#......# ###...## #.
.........# #...### #. ..
#..## #.


You could see Blork the orc (fast) and a hobgoblin.

Vanquished Creatures
  2 hounds (D:4)
  2 orc wizards (D:4)
  5 adders
  2 dart slugs
  11 orcs
  5 endoplasms
  A giant cockroach (D:4)
  2 goblins
  6 hobgoblins
  4 jackals (D:3)
  2 kobolds
  A quokka (D:2)
  3 ball pythons
  5 bats
  A frilled lizard (D:3)
  6 rats
58 creatures vanquished.

Notes
Turn   | Place    | Note
-------+----------+-------------------------------------------
     0 | D:1      | qw the Tengu Warper began the quest for the Orb.
     0 | D:1      | Reached XP level 1. HP: 12/12 MP: 4/4
     0 | D:1      | 0 ||| qw: Version: 0.1-a-89-g26bdef1
     0 | D:1      | 0 ||| qw: Game counter: 1580
     0 | D:1      | 0 ||| qw: Always use a shield: true
     0 | D:1      | 0 ||| qw: God list: Okawaru
     0 | D:1      | 0 ||| qw: Allow faded altars: false
     0 | D:1      | 0 ||| qw: Do Orc after D:15 true
     0 | D:1      | 0 ||| qw: Do second Lair branch before Depths: true
     0 | D:1      | 0 ||| qw: Lair rune preference: random
     0 | D:1      | 0 ||| qw: Plans: Normal
     0 | D:1      | 0 ||| PLANNING D:1-11
   166 | D:1      | 166 ||| Stepping ~*~*~tactically~*~*~ (hiding).
   268 | D:1      | 268 ||| Stepping ~*~*~tactically~*~*~ (hiding).
   370 | D:1      | 370 ||| Stepping ~*~*~tactically~*~*~ (hiding).
   374 | D:1      | 374 ||| Stepping ~*~*~tactically~*~*~ (hiding).
   378 | D:1      | Reached skill level 3 in Axes
   378 | D:1      | Reached XP level 2. HP: 17/17 MP: 6/6
   960 | D:1      | 960 ||| DROPPING ring of magical power.
   961 | D:1      | 961 ||| READING scroll labelled HIVECY VOVAXIP GICW.
   962 | D:1      | 962 ||| READING scroll labelled OKACIANI XEES.
   963 | D:1      | 963 ||| DRINKING 2 black potions.
   964 | D:1      | 964 ||| DROPPING scroll of blinking.
  1023 | D:2      | Reached XP level 3. HP: 15/21 MP: 7/7
  1208 | D:2      | Reached skill level 4 in Axes
  1374 | D:2      | 1374 ||| Stepping ~*~*~tactically~*~*~ (hiding).
  1476 | D:2      | 1476 ||| Stepping ~*~*~tactically~*~*~ (hiding).
  1971 | D:2      | Found a faded altar of an unknown god.
  2030 | D:2      | 2030 ||| READING scroll labelled DEATHRAOLOS.
  2031 | D:2      | 2031 ||| READING scroll labelled HEIPTIXKU.
  2156 | D:2      | 2156 ||| READING scroll labelled HIOL LOUSUNEU.
  2157 | D:2      | 2157 ||| READING scroll labelled GOSMOF DORU.
  2271 | D:3      | Reached XP level 4. HP: 26/26 MP: 8/8
  2282 | D:3      | 2282 ||| Stepping ~*~*~tactically~*~*~ (stealth).
  2561 | D:3      | 2561 ||| Stepping ~*~*~tactically~*~*~ (stealth).
  2562 | D:3      | 2562 ||| Stepping ~*~*~tactically~*~*~ (stealth).
  2568 | D:3      | 2568 ||| Stepping ~*~*~tactically~*~*~ (stealth).
  2573 | D:3      | Reached skill level 5 in Axes
  2706 | D:3      | 2706 ||| DROPPING +0 club.
  3332 | D:3      | 3332 ||| UPGRADING to +0 ring mail.
  3342 | D:3      | 3342 ||| DROPPING +0 leather armour.
  3343 | D:3      | 3343 ||| UPGRADING to +0 chain mail.
  3353 | D:3      | 3353 ||| DROPPING +0 ring mail.
  3354 | D:3      | 3354 ||| UPGRADING to +0 plate armour.
  3364 | D:3      | 3364 ||| DROPPING +0 chain mail.
  3365 | D:3      | 3365 ||| UPGRADING to +6 ring of strength.
  3366 | D:3      | 3366 ||| READING scroll labelled RARRYA QILICW.
  3367 | D:3      | 3367 ||| READING scroll labelled KAILEO ZISTRAMASM.
  3368 | D:3      | 3368 ||| DRINKING 2 bubbling yellow potions.
  3369 | D:3      | 3369 ||| DROPPING potion of attraction.
  3445 | D:4      | 3445 ||| FLEEEEING.
  3453 | D:4      | 3453 ||| FLEEEEING.
  3454 | D:4      | 3454 ||| FLEEEEING.
  3455 | D:4      | 3455 ||| FLEEEEING.
  3456 | D:4      | 3456 ||| FLEEEEING.
  3457 | D:4      | 3457 ||| FLEEEEING.
  3458 | D:4      | 3458 ||| FLEEEEING.
  3459 | D:4      | 3459 ||| FLEEEEING.
  3460 | D:4      | 3460 ||| FLEEEEING.
  3461 | D:4      | 3461 ||| FLEEEEING.
  3463 | D:4      | 3463 ||| FLEEEEING.
  3468 | D:4      | Gained mutation: Your magical nature lets you fly swiftly
                  | and evasively. [Tengu growth]
  3468 | D:4      | Reached XP level 5. HP: 13/30 MP: 9/9
  3644 | D:4      | 3644 ||| SWAPPING to +0 war axe.
  3645 | D:4      | 3645 ||| DROPPING +0 hand axe.
  3723 | D:4      | 3723 ||| READING scroll of enchant armour.
  3723 | D:4      | 3723 ||| ENCHANTING +0 plate armour.
  3732 | D:4      | Found a shimmering altar of Xom.
  3903 | D:4      | Reached skill level 6 in Axes
  3968 | D:4      | 3968 ||| Stepping ~*~*~tactically~*~*~ (stealth).
  3974 | D:4      | 3974 ||| Stepping ~*~*~tactically~*~*~ (stealth).
  3983 | D:4      | Reached XP level 6. HP: 32/35 MP: 10/10
  4013 | D:4      | 4013 ||| READING scroll of teleportation.
  4015 | D:4      | Noticed Blork the orc
  4022 | D:4      | HP: 8/35 [hobgoblin (1)]
  4024 | D:4      | HP: 3/35 [Blork the orc/+0 hand axe (5)]
  4024 | D:4      | Slain by Blork the orc

Levels and vault maps discovered:
D:1:      nicolae_arrival_memento_mori, layout_loops_cross
D:2:      layout_basic, hellmonk_ecumenical_altar_inner_sanctum
D:3:      layout_basic
D:4:      black_bear_nest_1, layout_cave_pods, mainiacjoe_overflow_24_doors,
          kennysheep_generic_room_2, uniq_edmund, uniq_blork_the_orc,
          uniq_grinder

Skill      XL: |  1  2  3  4  5 |
---------------+----------------+-----
Axes           | 3 4 5 6 |  6.4
Armour         | 2 |  2.1
Fighting       | |  2.0
Throwing       | |  1.0
Dodging        | |  2.1
Spellcasting   | |  2.0
Translocations | |  2.4

Action                   |  1- 3 |  4- 6 || total
-------------------------+-------+-------++-------
Melee: Hand axe          |    54 |    40 ||    94
       Kick              |    12 |    28 ||    40
       Peck              |     6 |    11 ||    17
       War axe           |       |    41 ||    41
       Punch             |       |     1 ||     1
Throw: Boomerang         |     7 |       ||     7
  Use: Scroll            |     6 |     4 ||    10
       Potion            |     1 |     1 ||     2
Armor: Leather armour    |     4 |     2 ||     6
       Plate armour      |       |    32 ||    32
Dodge: Dodged            |    24 |    33 ||    57

Table legend:
 A = Non-vault XP
 B = Vault XP
 C = Vault XP percentage of total XP
 D = Non-vault monster count
 E = Vault monster count
 F = Vault count percentage of total count
                 A         B        C        D         E       F
            +---------+---------+-------+---------+---------+-------
      Total |     323 |       5 |   1.5 |      55 |       3 |   5.2
            +---------+---------+-------+---------+---------+-------
        D:1 |      21 |       0 |   0.0 |      12 |       0 |   0.0
        D:2 |      57 |       0 |   0.0 |      11 |       0 |   0.0
        D:3 |      46 |       0 |   0.0 |      17 |       0 |   0.0
        D:4 |     199 |       5 |   2.5 |      15 |       3 |  16.7
            +---------+---------+-------+---------+---------+-------
